 Dungeon Crawl Stone Soup version 0.31-b1-22-gc680215f68 (webtiles) character file.

Game seed: 7277781584098527425

234 bnorton916 the Conjurer (level 5, -1/28 HPs)
             Began as a Deep Elf Conjurer on Jan 18, 2024.
             Killed from afar by a steam dragon (14 damage)
             ... with a ball of steam
             ... on level 6 of the Dungeon.
             The game lasted 00:03:33 (2713 turns).

bnorton916 the Conjurer (Deep Elf Conjurer)         Turns: 2713, Time: 00:03:34

Health: -1/28      AC:  6    Str:  7    XL:     5   Next: 75%
Magic:  0/15       EV: 12    Int: 28    God:
Gold:   227        SH:  0    Dex: 13    Spells: 4/15 levels left

rFire   . . .        p - +4 trident of bnorton916's Misery {flame, Int+3}
rCold   . . .        (no shield)
rNeg    . . .        a - +0 robe
rPois   .            (no helmet)
rElec   .            (no cloak)
rCorr   +            (no gloves)
SInv    .            (no boots)
Will    .....        (no amulet)
Stlth   ++           o - ring of Orthodoxy {rCorr AC+4 Str+3}
HPRegen 0.24/turn    (no ring)
MPRegen 0.14/turn

%: no passive effects
@: very slightly contaminated
A: no striking features
a: no special abilities


You were on level 6 of the Dungeon.
You visited 1 branch of the dungeon, and saw 4 of its levels.

You collected 227 gold pieces.

Inventory:

Hand Weapons
 p - the +4 trident of bnorton916's Misery (weapon) {flame, Int+3}
   (You found it on level 2 of the Dungeon)

   Int+3:     It affects your intelligence (+3).
Missiles
 h - 3 silver javelins
 s - 4 poisoned darts
Armour
 a - a +0 robe (worn)
Jewellery
 n - a ring of ice
 o - the ring of Orthodoxy (left hand) {rCorr AC+4 Str+3}
   (You found it on level 2 of the Dungeon)

   [ring of protection]

   AC+4:      It affects your AC (+4).
   Str+3:     It affects your strength (+3).
   rCorr:     It protects you from acid and corrosion.
Wands
 q - a wand of digging (4)
Scrolls
 d - 4 scrolls of identify {unknown}
 j - a scroll of noise {unknown}
 k - a scroll of brand weapon {unknown}
 l - a scroll of torment {unknown}
 m - a scroll of vulnerability {unknown}
 r - a scroll of teleportation {unknown}
Potions
 c - 2 potions of resistance {unknown}
 e - 2 potions of curing {unknown}
 f - a potion of attraction {unknown}
 g - a potion of cancellation {unknown}
 i - a potion of enlightenment {unknown}


   Skills:
 - Level 2.4 Dodging
 - Level 2.4 Stealth
 + Level 5.8 Spellcasting
 + Level 6.1 Conjurations
 + Level 1.2 Translocations
 + Level 1.2 Alchemy


You had 4 spell levels left.
You knew the following spells:

 Your Spells              Type           Power      Damage    Failure   Level
a - Magic Dart            Conj           100%       1d8       1%          1
b - Searing Ray           Conj           84%        2d7       1%          2
c - Iskenderun's Mystic   Conj/Tloc      28%        2d7       14%         4
d - Fulminant Prism       Conj/Alch      14%        3d8       14%         4

Your spell library contained the following spells:

 Spells                   Type           Power      Damage    Failure   Level
 Iskenderun's Battlesphe  Conj           42%        2d9       14%         5
 Bombard                  Conj/Erth      12%        9d3       95%         6
 Spellforged Servitor     Conj/Summ      12%        N/A       100%        7


Dungeon Overview and Level Annotations

Branches:
Dungeon (3/15)

Altars:
Nemelex Xobeh

Shops:
D:3 (


Message History

Confirm with . or Enter, or press ? or * to list all spells.
You erupt in a blast of force!
The mystic blast hits the steam dragon.
The steam dragon is heavily wounded.
The steam dragon barely misses you. x2
Okay, then.
Casting: Iskenderun's Mystic Blast (extremely dangerous; 14% risk of failure)
Confirm with . or Enter, or press ? or * to list all spells.
You erupt in a blast of force!
The mystic blast hits the steam dragon!
The steam dragon is severely wounded.
The steam dragon closely misses you.
The steam dragon claws you but does no damage.
Casting: Iskenderun's Mystic Blast (extremely dangerous; 14% risk of failure)
Confirm with . or Enter, or press ? or * to list all spells.
You miscast Iskenderun's Mystic Blast.
You are very lightly contaminated with residual magic.
Nothing appears to happen.
The steam dragon bites you. The steam dragon barely misses you.
Aiming: Dig
Press: ? - help, Shift-Dir - straight line, f - you Please select a direction to dig.
Okay, then.
Casting: Iskenderun's Mystic Blast (extremely dangerous; 14% risk of failure)
Confirm with . or Enter, or press ? or * to list all spells.
Okay, then.
Unknown command.
Unknown command.
Aiming: Dig
Press: ? - help, Shift-Dir - straight line A rock wall.
The rock shatters into small pieces.
The steam dragon completely misses you. The steam dragon closely misses you.
You hit the steam dragon. You burn the steam dragon.
The steam dragon is almost dead.
The steam dragon bites you. The steam dragon closely misses you.
You hit the steam dragon but do no damage.
The steam dragon is almost dead.
The steam dragon breathes steam at you. The ball of steam hits you!
Ouch! That really hurt!
You die...

### .# #..
##########.# #.#
#......†D#.#.# #..
#.######@#.#.# #..
#......#.#.# #..
#.##.#.#.#.# #..
#.#..#.#.#.# #..
#........#.# #..
#....#.#.#.# . #.†
............# ...
...
.#......#.###.....
#......#.........
###


You could see a steam dragon (catching breath).

Vanquished Creatures
  A bombardier beetle (D:6)
  A howler monkey (D:6)
  An orc priest (D:6)
  An orc wizard (D:6)
  4 adders
  A shadow imp (D:6)
  2 ribbon worms (D:2)
  An orc (D:6)
  5 ball pythons
  2 bats
  4 endoplasms
  4 giant cockroaches
  6 goblins
  9 hobgoblins
  2 quokkas (D:2)
  2 frilled lizards
  7 kobolds
  A rat (D:1)
54 creatures vanquished.

Notes
Turn   | Place    | Note
-------+----------+-------------------------------------------
     0 | D:1      | bnorton916 the Deep Elf Conjurer began the quest for the
                  | Orb.
     0 | D:1      | Reached XP level 1. HP: 10/10 MP: 6/6
   217 | D:1      | Reached XP level 2. HP: 15/15 MP: 5/8
   419 | D:1      | Found a faded altar of an unknown god.
   762 | D:2      | Reached skill level 5 in Conjurations
   762 | D:2      | Reached XP level 3. HP: 15/19 MP: 5/10
   765 | D:2      | Learned a level 2 spell: Searing Ray
  1306 | D:2      | Identified the ring of Orthodoxy {rCorr AC+4 Str+3}
  1356 | D:2      | Identified the +4 trident of bnorton916's Misery {flame,
                  | Int+3}
  1639 | D:2      | Reached XP level 4. HP: 24/24 MP: 8/12
  1907 | D:3      | Found Fablell's Antique Weapon Emporium.
  1934 | D:3      | Found a sparkling altar of Nemelex Xobeh.
  2334 | D:3      | You fall into a shaft and drop 3 floors!
  2368 | D:6      | Reached skill level 5 in Spellcasting
  2374 | D:6      | Reached XP level 5. HP: 28/28 MP: 4/15
  2379 | D:6      | Learned a level 4 spell: Iskenderun's Mystic Blast
  2384 | D:6      | Learned a level 4 spell: Fulminant Prism
  2569 | D:6      | Reached skill level 6 in Conjurations
  2690 | D:6      | Reached skill level 1 in Translocations
  2690 | D:6      | Reached skill level 1 in Alchemy
  2701 | D:6      | Noticed a steam dragon
  2713 | D:6      | Killed from afar by a steam dragon

Illustrated notes

Levels and vault maps discovered:
D:1:      minmay_arrival_four_houses, layout_basic,
          ebering_ecumenical_altar_hall, chequers_serial_rivers_small_a
D:2:      minmay_spotlight, layout_loops_cross
D:3:      layout_loops_ring, overflow_temple_1_default, serial_shops,
          nicolae_shop_hallway_stairs
D:6:      layout_basic, uniq_duvessa

Skill      XL: |  1  2  3  4  5 |
---------------+----------------+-----
Spellcasting   | 4 5 |  5.8
Conjurations   | 5 6 |  6.1
Translocations | 1 |  1.2
Alchemy        | 1 |  1.2
Dodging        | |  2.4
Stealth        | |  2.4

Action                     |  1- 3 |  4- 6 || total
---------------------------+-------+-------++-------
  Melee: Trident           |       |     2 ||     2
   Cast: Magic Dart        |    64 |    37 ||   101
         Searing Ray       |     2 |     5 ||     7
         Iskenderun's Myst |       |     4 ||     4
  Evoke: Wand              |       |     1 ||     1
    Use: Potion            |       |     1 ||     1
 Armour: Robe              |     4 |     8 ||    12
  Dodge: Dodged            |     3 |    13 ||    16
